 Dungeon Crawl Stone Soup version 0.30-a0-782-ge64f9170bb (webtiles) character file.

Game seed: 8436806785377182725

56 Flugkiller the Cutter (level 3, -1/22 HPs)
             Began as a Deep Elf Chaos Knight on Feb 28, 2023.
             Was a Plaything of Xom.
             Killed from afar by a shock serpent (glowing shapeshifter) (17 damage)
             ... with a bolt of electricity
             ... on level 2 of the Dungeon.
             The game lasted 00:03:04 (1164 turns).

Flugkiller the Cutter (Deep Elf Chaos Knight)       Turns: 1164, Time: 00:03:04

Health: -1/22      AC:  6    Str:  9    XL:     3   Next: 71%
Magic:  5/5        EV: 12    Int: 16    God:    Xom [.*....]
Gold:   34         SH:  0    Dex: 16    Spells: 2/2 levels left

rFire   . . .      SeeInvis .    h - +1 dagger (venom)
rCold   . . .      Faith    .    (no shield)
rNeg    . . .      Spirit   .    b - +2 leather armour
rPois   .          Reflect  .    l - +0 helmet
rElec   .          Harm     .    (no cloak)
rCorr   .          Rampage  .    (no gloves)
Will    .....                    (no boots)
Stlth   ++                       (no amulet)
HPRegen 0.23/turn                (no ring)
MPRegen 0.09/turn                (no ring)

@: no status effects
A: no striking features
a: Renounce Religion


You were on level 2 of the Dungeon.
You worshipped Xom.
You were a plaything of Xom.
You visited 1 branch of the dungeon, and saw 2 of its levels.

You collected 34 gold pieces.

Inventory:

Hand Weapons
 a - a +0 short sword of chaos
 h - a +1 dagger of venom (weapon)
   (You took it off a goblin on level 1 of the Dungeon)
Armour
 b - a +2 leather armour (worn)
 l - a +0 helmet (worn)
   (You found it on level 1 of the Dungeon)
Magical Staves
 d - a staff of poison
   (You found it on level 1 of the Dungeon)
Scrolls
 e - a scroll of poison
 g - 2 scrolls of identify {unknown}
 j - a scroll of acquirement {unknown}
 t - 2 scrolls of teleportation
Potions
 f - 2 potions of curing {unknown}
 i - a potion of flight {unknown}
 k - a potion of heal wounds {unknown}
Miscellaneous
 c - a piece from Xom's chessboard (15/15) (quivered)


   Skills:
 + Level 2.4 Fighting
 - Level 4.0 Short Blades
 - Level 0.7 Armour
 - Level 2.4 Dodging
 - Level 3.0 Stealth


You had 2 spell levels left.
You didn't know any spells.
Your spell library was empty.

Dungeon Overview and Level Annotations

Branches:
Dungeon (2/15) Zot: 10866

Altars:


Message History

The adder poisons you!
You hit the adder.
The adder looks as sick as possible!
The adder is heavily wounded.
You feel sick. The adder bites you.
You hit the adder.
The adder looks as sick as possible!
The adder is severely wounded.
You feel sick. The adder barely misses you.
You hit the adder but do no damage.
The adder is severely wounded.
You kill the adder!
You feel sick.
You start resting.
You feel sick.
You are no longer poisoned.
You start resting.
Your extra speed is starting to run out.
HP restored.
You feel yourself slow down.
There is an escape hatch in the ceiling here.
A frilled lizard comes into view.
A dart slug comes into view.
The helpless frilled lizard fails to defend itself.
You impale the frilled lizard!!
You kill the frilled lizard!
The dart slug closely misses you.
You hit the dart slug.
The dart slug is moderately wounded.
You hit the dart slug but do no damage.
The dart slug is poisoned.
The dart slug is moderately wounded.
The dart slug barely misses you.
You completely miss the dart slug.
The dart slug is moderately wounded.
You completely miss the dart slug.
The dart slug is moderately wounded.
The dart slug bites you but does no damage.
You hit the dart slug.
The dart slug looks as sick as possible!
The dart slug is almost dead.
You kill the dart slug!
You see here a dart slug corpse.
An adder comes into view.
Found a stone staircase leading up.
Found 2 gold pieces.
The adder hisses angrily.
You closely miss the adder. The adder bites you.
You hit the adder but do no damage.
The adder is poisoned.
The adder barely misses you.
You barely miss the adder. The adder bites you.
You are poisoned.
The adder poisons you!
You hit the adder but do no damage.
You feel sick. The adder bites you but does no damage.
You closely miss the adder.
You feel sick. The adder barely misses you.
You miss the adder. The adder closely misses you.
You feel sick. The adder bites you but does no damage.
You feel sick.
There is a stone staircase leading up here.
A quokka comes into view.
You feel sick.
You barely miss the adder.
The adder is severely wounded.
You feel sick.
You are no longer poisoned.
The adder misses you.
You closely miss the adder.
The adder is severely wounded.
The adder bites you.
You hit the adder.
The adder is almost dead.
You kill the adder!
Training target 4.0 for Short Blades reached!
Your Short Blades skill increases to level 4!
You need to enable at least one skill for training.
There is a stone staircase leading up here.
You climb upwards.
There is a stone staircase leading down here.
You start resting.
Xom is getting BORED.
You start resting.
You are now a BORING thing.
You climb downwards.
There is a stone staircase leading up here.
A quokka is nearby!
A quokka is nearby!
You hear Xom's avuncular chuckle.
The quokka changes into a glowing shapeshifter!
You are now a plaything of Xom.
The helpless glowing shapeshifter fails to defend itself.
You impale the glowing shapeshifter!!
The glowing shapeshifter is poisoned.
The glowing shapeshifter is moderately wounded.
The glowing shapeshifter hits you.
You completely miss the glowing shapeshifter.
The glowing shapeshifter is moderately wounded.
The glowing shapeshifter changes into a snapping turtle!
Unknown command.
The snapping turtle changes into a shock serpent!
The shock serpent shoots out a bolt of lightning at you!
The bolt of electricity hits you!
Ouch! That really hurt!
You die...
Xom is highly amused!

.###.# .#..# ...#
#..##### . # #..$...#
#.#. #.....# ...##
#S....# #...#+##.....#
##.#....@....##
....#+#.#............##.
........#..##...........
........#........####.#.#
........#...........#.# #
........###########.#.#
........#.#########.#.#
.......##........##†#.#
..†..........###.##.#.# #


You could see a shock serpent shaped shifter.

Vanquished Creatures
  2 adders (D:2)
  2 dart slugs
  3 ball pythons
  5 bats
  2 endoplasms (D:1)
  2 giant cockroaches
  2 hobgoblins (D:1)
  3 quokkas
  6 frilled lizards
  3 goblins (D:1)
  2 kobolds (D:1)
  2 rats (D:1)
34 creatures vanquished.

Notes
Turn   | Place    | Note
-------+----------+-------------------------------------------
     0 | D:1      | Flugkiller the Deep Elf Chaos Knight began the quest for
                  | the Orb.
     0 | D:1      | Reached XP level 1. HP: 13/13 MP: 3/3
    63 | D:1      | Reached skill level 1 in Stealth
   155 | D:1      | Reached XP level 2. HP: 18/18 MP: 4/4
   267 | D:1      | XOM: potion effect (berserk rage)
   271 | D:1      | XOM: potion effect (brilliance)
   273 | D:1      | XOM: noise
   417 | D:1      | XOM: 10-stop teleportation journey
   655 | D:1      | XOM: summons 1 hostile demon
   783 | D:1      | Reached XP level 3. HP: 22/22 MP: 5/5
  1020 | D:2      | XOM: potion effect (haste)
  1120 | D:2      | Reached skill level 4 in Short Blades
  1159 | D:2      | XOM is BORED!
  1159 | D:2      | a quokka changed into a glowing shapeshifter
  1159 | D:2      | Noticed a glowing shapeshifter (glowing shapeshifter)
  1159 | D:2      | XOM: polymorph quokka -> glowing shapeshifter
  1161 | D:2      | a glowing shapeshifter changed into a snapping turtle
  1161 | D:2      | Noticed a snapping turtle (glowing shapeshifter)
  1162 | D:2      | a snapping turtle changed into a shock serpent
  1162 | D:2      | Noticed a shock serpent (glowing shapeshifter)
  1164 | D:2      | Killed from afar by a shock serpent (glowing shapeshifter)

Illustrated notes

Levels and vault maps discovered:
D:1:      minmay_arrival_arboretum_small, layout_basic,
          hangedman_abyss_or_decor_lesser_grid, corexii_corridor_pit
D:2:      layout_basic, ebering_ecumenical_altar_ruins, guppyfry_early_lair_pool

Skill      XL: |  1  2  3 |
---------------+----------+-----
Stealth        | 2 3 |  3.0
Short Blades   | 4 |  4.0
Fighting       | |  2.4
Armour         | |  0.7
Dodging        | |  2.4

Action                     || total
---------------------------++-------
  Melee: Short sword       ||    35
         Dagger            ||    70
         Punch             ||     1
    Use: Scroll            ||     2
   Stab: Sleeping          ||     5
 Armour: Leather armour    ||    34
  Dodge: Dodged            ||    65

Table legend: (Time is in decaauts)
 A = Elapsed time spent in this place.
 B = Non-inter-level travel time spent in this place.
 C = Inter-level travel time spent in this place.
 D = Time resting spent in this place.
 E = Time spent auto-exploring this place.
 F = Levels seen in this place.
 G = Mean time per level.
                   A        B        C        D        E       F      G
               +--------+--------+--------+--------+--------+-----+--------+
         Total |   1132 |   1104 |     28 |    250 |    500 |   2 |  566.0 |
       Dungeon |   1132 |   1104 |     28 |    250 |    500 |   2 |  566.0 |
               +--------+--------+--------+--------+--------+-----+--------+

Top non-repeatable levels by time:
     D:1: 974 daAuts
     D:2: 158 daAuts
